 Dungeon Crawl Stone Soup version 0.24.0-13-gcf9b3192b9 (webtiles) character file.

Game seed: 14113081895186307494, levelgen mode: deterministic

22 Esekla the Grasshopper (level 2, -2/16 HPs)
             Began as a Deep Elf Warper on Nov 6, 2019.
             Slain by a hobgoblin (5 damage)
             ... on level 3 of the Dungeon.
             The game lasted 00:03:45 (627 turns).

Esekla the Grasshopper (Deep Elf Warper)             Turns: 627, Time: 00:03:46

Health: -2/16      AC:  3    Str:  8    XL:     2   Next: 68%
Magic:  4/8        EV: 12    Int: 17    God:
Gold:   15         SH:  0    Dex: 14    Spells: 3/7 levels left

rFire    . . .     SeeInvis .   a - +0 falchion
rCold    . . .     Gourm    .   (no shield)
rNeg     . . .     Faith    .   b - +0 leather armour
rPois    .         Spirit   .   (no helmet)
rElec    .         Reflect  .   c - scarf {cloud immunity}
rCorr    .         Harm     .   (no gloves)
MR       .....                  (no boots)
Stlth    +.........             (no amulet)
HPRegen  0.05/turn              (no ring)
MPRegen  0.11/turn              (no ring)

@: no status effects
A: no striking features
a: no special abilities


You were on level 3 of the Dungeon.
You were not hungry.

You visited 1 branch of the dungeon, and saw 3 of its levels.

You collected 15 gold pieces.

Inventory:

Hand Weapons
 a - a +0 falchion (weapon)
Missiles
 e - 5 boomerangs of dispersal (quivered)
Armour
 b - a +0 leather armour (worn)
 c - a scarf of cloud immunity (worn)
Scrolls
 d - a scroll of blinking
Potions
 g - a potion of haste {unknown}
Comestibles
 f - a ration


   Skills:
 - Level 1.5 Fighting
 * Level 2.5 Long Blades
 - Level 1.0 Throwing
 + Level 1.0 Armour
 + Level 3.0 Dodging
 - Level 3.0 Spellcasting
 + Level 3.2 Translocations


You had 3 spell levels left.
You knew the following spells:

 Your Spells              Type           Power        Failure   Level  Hunger
a - Shroud of Golubria    Chrm/Tloc      #.....       19%         2    ##.....
b - Blink                 Tloc           N/A          10%         2    ##.....

Your spell library contained the following spells:

 Spells                   Type           Power        Failure   Level  Hunger
 Gell's Gravitas          Tloc           ##........   19%         3    ###....
 Lesser Beckoning         Tloc           ##........   19%         3    ###....
 Teleport Other           Tloc           ##......     19%         3    ###....
 Passage of Golubria      Tloc           N/A          54%         4    ####...


Dungeon Overview and Level Annotations

Branches:
Dungeon (3/15)

Altars:

Annotations:
D:3 1 runed translucent door, Crazy Yiuf


Message History

Press: ? - help, v - describe, . - travel
Here: Crazy Yiuf, wielding a +3 quarterstaff of chaos and wearing a +0 cloak (fire blocked by a runed translucent door)
The floor.
Your magical contamination has completely faded away.
Casting: Shroud of Golubria (safe; 19% risk of failure)
Confirm with . or Enter, or press ? or * to list all spells.
Space distorts slightly along a thin shroud covering your body.
You start resting.
The hobgoblin is too close now for your liking.
You barely miss the hobgoblin. The hobgoblin hits you.
* * * LOW HITPOINT WARNING * * *
Your shroud falls apart!
Casting: Shroud of Golubria (safe; 19% risk of failure)
Confirm with . or Enter, or press ? or * to list all spells.
Space distorts slightly along a thin shroud covering your body.
The hobgoblin barely misses you.
You hit the hobgoblin but do no damage.
Your shroud bends the hobgoblin's attack away.
The hobgoblin hits you.
You die...

....g...).<.......
####.##.#.g..#####
# #####..## #....#
#....# ##...#
##.## ##g# #@##
##.# #.## #+# ...
#...# #)..# #####


You could see a hobgoblin.

Vanquished Creatures
  An ooze (D:1)
  A bat (D:3)
  A giant cockroach (D:1)
  2 goblins (D:1)
  3 hobgoblins
  4 jackals (D:1)
  A kobold (D:1)
  A rat (D:1)
14 creatures vanquished.

Notes
Turn   | Place    | Note
-------+----------+-------------------------------------------
     0 | D:1      | Esekla the Deep Elf Warper began the quest for the Orb.
     0 | D:1      | Reached XP level 1. HP: 12/12 MP: 6/6
   222 | D:1      | Reached XP level 2. HP: 16/16 MP: 8/8
   590 | D:3      | Learned a level 2 spell: Shroud of Golubria
   593 | D:3      | Learned a level 2 spell: Blink
   606 | D:3      | Reached skill level 1 in Armour
   617 | D:3      | Found a runed translucent door.
   618 | D:3      | Noticed Crazy Yiuf
   627 | D:3      | Slain by a hobgoblin

Levels and vault maps discovered:
D:1:      saegor_arrival_simple_c, layout_basic
D:2:      layout_loops_ring, lemuel_coloured_pillars_altar, fedhas_altar_2,
          nemelex_xobeh_ov_fountains_minmay,
          yredelemnul_forgotten_temple_becter, trog_butcher_becter, uniq_robin
D:3:      layout_loops_ring, portal_sewer_entry_b, uniq_sigmund, uniq_ijyb,
          uniq_crazy_yiuf_cottage, uniq_grinder

Skill      XL: |  1  2 |
---------------+-------+-----
Long Blades    | 2 |  2.5
Dodging        | 3 |  3.0
Armour         | 1 |  1.0
Fighting       | |  1.5
Throwing       | |  1.0
Spellcasting   | |  3.0
Translocations | |  3.2

Action                   || total
-------------------------++-------
Melee: Falchion          ||    69
 Cast: Shroud of Golubri ||     2
Armor: Leather armour    ||    19
Dodge: Dodged            ||    53
       Rpst.: Falchion   ||    14
